 Dungeon Crawl Stone Soup version 0.20-a0-548-g4f8a798 (webtiles) character file.

14279 Lahna the Cleaver (level 12, -5/109 (110) HPs)
             Began as a Hill Orc Abyssal Knight on Feb 1, 2017.
             Was a Priest of Lugonu.
             Slain by a manticore (17 damage)
             ... on level 11 of the Dungeon.
             The game lasted 00:31:25 (17162 turns).

Lahna the Cleaver (Hill Orc Abyssal Knight)        Turns: 17162, Time: 00:31:25

HP:   -5/109 (110)  AC: 13    Str: 20    XL:     12   Next: 14%
MP:   20/20         EV: 13    Int: 12    God:    Lugonu [***...]
Gold: 709           SH:  3    Dex: 10    Spells: 11/11 levels left

rFire    + . .     SeeInvis .   a - +0 war axe
rCold    . . .     Gourm    .   x - +1 ring mail "Tiskupn" {rPois rF+}
rNeg     + + .     Faith    .   E - +0 buckler
rPois    +         Spirit   .   Q - +1 helmet "Nehig" {rPois rN++}
rElec    .         Reflect  .   k - +0 cloak
rCorr    +         Harm     .   e - +0 pair of gloves
MR       +....                  (no boots)
Stlth    ..........             (no amulet)
Regen    0.3/turn               t - ring of protection from magic
                                w - ring of resist corrosion

@: no status effects
A: no striking features
a: Depart the Abyss, Bend Space, Banish, Renounce Religion


You were on level 11 of the Dungeon.
You worshipped Lugonu.
Lugonu was most pleased with you.
You were not hungry.

You visited 2 branches of the dungeon, and saw 13 of its levels.
You visited the Abyss 1 time.
You also visited: Sewer.

You collected 709 gold pieces.

Inventory:

Hand Weapons
 a - a +0 war axe (weapon)
 b - a +2 flail of draining
Armour
 e - a +0 pair of gloves (worn)
 k - a +0 cloak (worn)
 x - the +1 ring mail "Tiskupn" (worn) {rPois rF+}
   (You found it on level 5 of the Dungeon)

   It protects you from fire.
   It protects you from poison.
 E - a +0 buckler (worn)
 Q - the +1 helmet "Nehig" (worn) {rPois rN++}
   (You found it on level 11 of the Dungeon)

   It protects you from poison.
   It greatly protects you from negative energy.
Jewellery
 q - an uncursed ring of magical power
 t - a ring of protection from magic (right hand)
 w - a ring of resist corrosion (left hand)
Wands
 i - a wand of flame (18/48)
 G - a wand of flame (48/48)
 M - a wand of flame (30/48)
 P - a wand of enslavement (13/24)
 R - a wand of lightning (8/15)
Scrolls
 h - 2 scrolls of amnesia
 o - a scroll of noise {unknown}
 p - a scroll of enchant weapon
 r - 2 scrolls of recharging
 u - a scroll of identify
 v - 4 scrolls of remove curse
 C - a scroll of blinking
 I - a scroll of vulnerability {unknown}
 J - a scroll of fog {unknown}
 L - 5 scrolls of teleportation
 N - a scroll of fear
Potions
 f - 4 potions of lignification
 g - 2 potions of magic {unknown}
 j - 2 potions of flight
 l - 2 potions of haste
 s - a potion of cure mutation
 z - 4 potions of agility
 A - a potion of invisibility
 B - 2 potions of curing {unknown}
 F - a potion of brilliance
 K - a potion of mutation
 O - a potion of ambrosia
Books
 y - a book of Cantrips

   Spells                             Type                      Level
   a - Confusing Touch                Hexes                        1
   b - Animate Skeleton               Necromancy                   1
   c - Summon Small Mammal            Summoning                    1
   d - Apportation                    Translocation                1
 D - a book of Geomancy

   Spells                             Type                      Level
   a - Sandblast                      Earth                        1
   b - Passwall                       Transmutation/Earth          2
   c - Stone Arrow                    Conjuration/Earth            3
   d - Petrify                        Transmutation/Earth          4
   e - Lee's Rapid Deconstruction     Earth                        5
 H - a book of Maledictions

   Spells                             Type                      Level
   a - Corona                         Hexes                        1
   b - Ensorcelled Hibernation        Hexes/Ice                    2
   c - Confuse                        Hexes                        3
   d - Tukima's Dance                 Hexes                        3
   e - Dazzling Spray                 Conjuration/Hexes            3
Comestibles
 c - 15 bread rations
 d - 7 meat rations
 m - 7 fruits


   Skills:
 + Level 11.0 Fighting
 + Level 11.8 Axes
 + Level 9.3 Armour
 + Level 7.3 Dodging
 + Level 11.3 Invocations


You had 11 spell levels left.
You didn't know any spells.

Dungeon Overview and Level Annotations

Branches:
Dungeon (11/15)            Temple (0/1) D:6            Lair (2/6) D:9
  Swamp: Lair:2-4    Shoals: Lair:2-4     Snake: Lair:2-4    Spider: Lair:2-4
    Orc: D:9-12

Altars:
Fedhas
Sif Muna
Trog
Xom
Yredelemnul
The Shining One

Shops:
D:4 [   D:10 =

Annotations:
Abyss:1 Duvessa, Joseph, Pikel


Message History

The manticore claws you but does no damage.
The manticore claws you.
* * * LOW HITPOINT WARNING * * *
You slash the manticore!
The manticore is almost dead.
The manticore bites you.
* * * LOW HITPOINT WARNING * * *
The manticore closely misses you. The manticore claws you!
* * * LOW HITPOINT WARNING * * *
Unknown command.
You hit the manticore.
The manticore is almost dead.
The manticore closely misses you. The manticore claws you.
* * * LOW HITPOINT WARNING * * *
The manticore barely misses you.
Unknown command.
You hit the manticore but do no damage.
The manticore is almost dead.
The manticore bites you!
You die...

▒...▒ ▒...........▒
▒...▒▒▒▒▒▒......▒▒.▒▒▒▒▒▒▒▒▒▒▒▒▒▒▒▒
▒................:.........).)))))(
▒..▒▒▒▒▒▒▒▒.▒▒▒▒▒.........▒▒▒▒▒▒▒▒▒
▒.. ▒..▒ ▒...▒▒▒▒.▒▒ ▒..▒ ▒▒▒▒▒ ▒.▒
▒..▒ ▒.▒▒▒▒▒▒▒▒▒▒ ▒..▒▒▒▒▒▒▒▒▒
▒..[........ ▒......H@..▒
▒▒▒▒▒▒▒▒▒▒▒▒ ▒.▒▒▒▒▒▒▒▒.▒ ▒.▒ ▒.▒
▒▒.▒▒ ▒▒▒▒ ▒...▒ ▒... ▒...▒ ▒.▒▒
▒▒▒▒...▒▒▒▒ ▒.▒ ▒.........▒ ▒<▒


You could see a manticore.

Vanquished Creatures
  2 kobold demonologists (D:11)
  2 hippogriffs
  A wyvern (D:10)
  3 yaks (D:9)
  3 water moccasins
  2 porcupines (Lair:1)
  3 orc warriors
  A slave (D:7)
  2 black bears
  A phantom (D:9)
  4 ice beasts
  2 sky beasts
  2 necrophages
  5 wolves (Lair:2)
  10 centaurs
  6 ogres
  A crocodile (D:11)
  16 big kobolds
  9 bullfrogs
  A gnoll sergeant (D:8)
  Dowan (D:4)
  4 scorpions
  2 water moccasin skeletons
  6 wights (D:8)
  3 howler monkeys
  2 electric eels (D:8)
  6 crimson imps
  2 centaur zombies
  A bullfrog skeleton (D:5)
  2 bullfrog zombies
  4 hounds
  8 orc priests
  3 jellies
  12 orc wizards
  4 iguanas
  16 worker ants
  2 hound skeletons
  Robin (D:3)
  2 worker ant zombies
  10 gnolls
  20 adders
  2 river rats (D:6)
  3 shadow imps
  8 oozes (Sewer)
  An adder zombie (D:5)
  3 adder skeletons (D:4)
  4 worms
  4 dart slugs
  16 leopard geckos
  43 orcs
  8 bats
  16 giant cockroaches
  18 goblins
  16 hobgoblins
  8 jackals
  34 kobolds
  7 quokkas
  14 ball pythons
  21 frilled lizards
  2 jackal skeletons
  2 leopard gecko skeletons
  A quokka zombie (D:7)
  5 rats
  4 fungi (D:9)
427 creatures vanquished.

Vanquished Creatures (others)
  A hydra (Lair:1)
  A centaur warrior (D:11)
  4 two-headed ogres
  An ugly thing (D:11)
  A black mamba (Lair:1)
  A kobold demonologist (D:9)
  A komodo dragon (Lair:1)
  A tengu conjurer (D:8)
  A troll (D:11)
  5 dream sheep (D:5)
  A vampire (D:10)
  A basilisk (Lair:1)
  A water moccasin (Lair:1)
  A slave (D:7)
  4 orc warriors
  An ice beast (D:7)
  An ogre (D:10)
  A bullfrog (D:7)
  A gnoll (D:8)
  A giant cockroach zombie (D:5)
  2 fungi (D:9)
  A plant (D:9)
  4 toadstools (D:1)
37 creatures vanquished.

Grand Total: 464 creatures vanquished

Notes
Turn   | Place    | Note
-------+----------+-------------------------------------------
     0 | Abyss:1  | Lahna the Hill Orc Abyssal Knight began the quest for the Orb.
     0 | Abyss:1  | Reached XP level 1. HP: 19/19 MP: 2/2
    71 | D:1      | Escaped the Abyss
   111 | D:1      | Reached skill level 1 in Dodging
   294 | D:1      | Reached XP level 2. HP: 25/27 MP: 4/4
   460 | D:1      | Reached ** piety under Lugonu
   512 | D:1      | Reached XP level 3. HP: 21/33 MP: 5/5
  1055 | D:2      | Reached XP level 4. HP: 39/40 MP: 6/6
  1089 | D:2      | Found a basalt altar of Yredelemnul.
  1089 | D:2      | Found a deep blue altar of Sif Muna.
  1520 | D:3      | Reached *** piety under Lugonu
  1812 | D:3      | Reached XP level 5. HP: 43/47 MP: 7/7
  1915 | D:3      | Noticed Robin
  1933 | D:3      | Killed Robin
  2460 | D:4      | Noticed a sky beast
  2492 | D:4      | Killed a sky beast
  2492 | D:4      | Reached XP level 6. HP: 15/55 MP: 9/9
  2768 | D:4      | Found Zofismann's Armour Emporium.
  2822 | D:4      | Reached skill level 5 in Fighting
  3003 | D:4      | Reached skill level 5 in Axes
  3003 | D:4      | Reached XP level 7. HP: 54/61 MP: 10/10
  3033 | D:4      | Reached **** piety under Lugonu
  3298 | D:4      | Noticed Duvessa
  3299 | D:4      | Noticed Dowan
  3306 | D:4      | Banished Duvessa
  3306 | D:4      | Reached skill level 5 in Invocations
  3328 | D:4      | Killed Dowan
  3663 | D:4      | HP: 3/61 [poisoned by a scorpion]
  3670 | D:4      | HP: 3/61 [poisoned by a scorpion]
  3678 | D:4      | HP: 2/61 [poisoned by a scorpion]
  4073 | D:4      | Reached XP level 8. HP: 51/70 MP: 12/12
  4284 | D:5      | Entered Level 5 of the Dungeon
  4634 | D:5      | Reached skill level 5 in Armour
  4977 | D:5      | Got a tiger eye-encrusted ring mail
  5152 | D:5      | Identified the +1 ring mail "Tiskupn" {rPois rF+} (You found it on level 5 of the Dungeon)
  5497 | D:5      | Found a shimmering altar of Xom.
  5497 | D:5      | Noticed a dream sheep
  5497 | D:5      | Noticed a dream sheep
  5497 | D:5      | Noticed a dream sheep
  5497 | D:5      | Noticed a dream sheep
  5497 | D:5      | Noticed a dream sheep
  5502 | D:5      | Killed a dream sheep
  5502 | D:5      | Killed a dream sheep
  5502 | D:5      | Killed a dream sheep
  5504 | D:5      | Killed a dream sheep
  5504 | D:5      | Killed a dream sheep
  6050 | D:6      | Found a glowing drain.
  6061 | Sewer    | Entered a sewer
  6312 | Sewer    | Reached ***** piety under Lugonu
  6421 | Sewer    | Reached XP level 9. HP: 71/79 MP: 14/14
  6744 | D:6      | Found a staircase to the Ecumenical Temple.
  8021 | D:7      | Noticed Pikel
  8023 | D:7      | Banished Pikel
  8806 | D:7      | Reached skill level 5 in Dodging
  8806 | D:7      | Reached XP level 10. HP: 86/90 MP: 16/16
  9264 | D:8      | Found a flagged portal.
  9507 | D:8      | Noticed a two-headed ogre
  9528 | D:8      | Banished a two-headed ogre
 10399 | D:8      | Noticed Joseph
 10405 | D:8      | Banished Joseph
 11195 | D:9      | Noticed a kobold demonologist
 11206 | D:9      | Noticed a sun demon
 11207 | D:9      | Banished a kobold demonologist
 11214 | D:9      | Reached skill level 10 in Axes
 11492 | D:9      | Reached XP level 11. HP: 99/99 MP: 18/18
 11540 | D:9      | Found a staircase to the Lair.
 11551 | D:9      | Noticed a two-headed ogre
 11556 | D:9      | Banished a two-headed ogre
 11570 | D:9      | Reached skill level 10 in Invocations
 11850 | D:9      | Reached skill level 10 in Fighting
 11856 | D:9      | Found a shimmering altar of Xom.
 12936 | D:9      | Found a blossoming altar of Fedhas.
 12940 | D:9      | Found a bloodstained altar of Trog.
 12944 | D:9      | Found a glowing golden altar of the Shining One.
 13022 | D:10     | Entered Level 10 of the Dungeon
 13039 | D:10     | Found Teamur's Jewellery Shoppe.
 13572 | D:9      | Noticed a two-headed ogre
 13573 | D:9      | Banished a two-headed ogre
 14135 | Lair:1   | Entered Level 1 of the Lair of Beasts
 14785 | D:11     | Noticed a two-headed ogre
 14797 | D:11     | Banished a two-headed ogre
 15101 | D:11     | Noticed a centaur warrior
 15116 | D:11     | Banished a centaur warrior
 15460 | D:11     | Got a faintly glowing helmet
 15471 | D:11     | Identified the +1 helmet "Nehig" {rPois rN++} (You found it on level 11 of the Dungeon)
 15514 | D:11     | Noticed a white ugly thing
 15522 | D:11     | Banished a white ugly thing
 15838 | Lair:1   | Noticed a seven-headed hydra
 15850 | Lair:1   | Banished a seven-headed hydra
 16265 | Lair:1   | Reached XP level 12. HP: 99/107 MP: 20/20
 16511 | Lair:2   | Noticed a death yak
 16514 | Lair:2   | Noticed a death yak
 16517 | Lair:2   | Noticed a death yak
 16518 | Lair:2   | Noticed a death yak
 16519 | Lair:2   | Noticed a death yak
 17162 | D:11     | Slain by a manticore

Vault maps used:
D:1:      ldierk_walled_garden_2, minmay_close_crescents
D:2:      chequers_temple_overflow_statue_of_worship
D:3:      uniq_robin
D:4:      serial_shops, nicolae_shop_behind_doors, uniq_duvessa
D:5:      first_bread, kb_xom_exploding_sheep
D:6:      minmay_temple_entry_purple_smoke, portal_sewer_entry_e,
          minmay_misc_feat_secret_circle
D:7:      kennysheep_six_static_rooms, grunt_ogre_cave,
          kennysheep_generic_room_15, uniq_pikel
D:8:      kennysheep_big_flooded_room, enter_bailey_3, uniq_joseph
D:9:      grunt_temple_overflow_diamond, dpeg_oklobed_lair, basic_altar
D:10:     serial_shops, shop
D:11:     minmay_the_grid_2x2
Lair:1:   serial_bayou_lagoon_a, beast_lair_carwin_10, grunt_megastairs_5,
          lemuel_fruit_tree, uniq_erica
Lair:2:   minmay_snake_entry_six_corridors
Abyss:1:  hangedman_cross_veins
Sewer:    sewer_frog_island_02

Skill      XL: |  1  2  3  4  5  6  7  8  9 10 11 12 |
---------------+-------------------------------------+-----
Dodging        | 1 2 3 4 5 6 7 |  7.3
Axes           | 3 4 5 6 7 8 10 11 | 11.8
Invocations    | 3 4 5 6 8 9 11 | 11.3
Fighting       | 4 5 7 8 9 10 11 | 11.0
Armour         | 3 4 5 6 8 9 |  9.3

Action                   |  1- 3 |  4- 6 |  7- 9 | 10-12 || total
-------------------------+-------+-------+-------+-------++-------
Melee: Hand axe          |   154 |   195 |   745 |   121 ||  1215
       War axe           |       |       |       |   637 ||   637
Invok: Banish            |       |       |     5 |    29 ||    34
       Bend Space        |       |       |     1 |     3 ||     4
  Use: Scroll            |       |       |     9 |    13 ||    22
       Potion            |       |       |       |     2 ||     2
 Stab: Sleeping          |       |       |     2 |       ||     2
       Distracted        |       |       |     1 |       ||     1
  Eat: Chunk             |     1 |     6 |    20 |    25 ||    52
       Fruit             |       |       |     1 |     4 ||     5
       Royal jelly       |       |       |       |     4 ||     4
Armor: Leather armour    |     9 |       |       |       ||     9
       Ring mail         |    73 |   103 |   359 |   332 ||   867
Dodge: Dodged            |   107 |   120 |   459 |   538 ||  1224
Block: Buckler           |       |       |    20 |   117 ||   137
